XFBL
CLEVELAND SPIDERS @ OAKLAND ATHLETICS
03/02/1982
 
TOP OF THE 1ST
Cleveland Spiders batting - Pitching for Oakland Athletics : LHP Trevor Faugno
Pitching: LHP Trevor Faugno
Batting: RHB Tom Brunansky 0-0: Ball
1-0: Ball
2-0: Called Strike
2-1: Ball
3-1: Base on Balls
Batting: RHB Alan Trammell 0-0: Ball
1-0: Ball
2-0: Called Strike
Tom Brunansky steals 2nd base
2-1: Foul Ball, location: 2F
2-2: Ball
3-2: Fly out, F3 (Popup, 3F, EV 71.3 MPH)
Batting: SHB Salvador Perez 0-0: Foul Ball, location: 2F
0-1: Ball
1-1: Foul Ball, location: 2F
1-2: Ball
Wild Pitch!
Tom Brunansky to third
2-2: Ball
3-2: Fly out, F7 (Flyball, 7S, EV 82.5 MPH)
Batting: RHB Clayton Elliott 0-0: Called Strike
0-1: Foul Ball, location: 2F
0-2: Ball
1-2: Foul Ball, location: 2F
1-2: Strikes out looking
Top of the 1st over - 0 runs, 0 hits, 0 errors, 1 left on base; Cleveland 0 - Oakland 0
BOTTOM OF THE 1ST
Oakland Athletics batting - Pitching for Cleveland Spiders : RHP Omar Huaman
Pitching: RHP Omar Huaman
Batting: RHB Scott Fletcher 0-0: Fly out, F8 (Flyball, 8RS, EV 83.1 MPH)
Batting: LHB Ruppert Jones 0-0: Ball
1-0: Foul Ball, location: 2F
1-1: Ball
2-1: Ball
3-1: SINGLE (Line Drive, 89S, EV 104.4 MPH)
Batting: RHB Dave Henderson 0-0: Called Strike
0-1: Ball
1-1: Ball
2-1: Foul Ball, location: 2F
2-2: Ball
3-2: Strikes out swinging
Batting: LHB Reggie Jackson 0-0: Hit by Pitch
Ruppert Jones to second
Batting: RHB George Hendrick 0-0: Ball
1-0: SINGLE (Flyball, 56D, EV 91.9 MPH)
Ruppert Jones to third
Reggie Jackson to second
Runner from 3rd tries for Home, SAFE, throw by LF to home
Batting: RHB Earl C Williams 0-0: Ball
1-0: Foul Ball, location: 2F
1-1: Foul Ball, location: 2F
1-2: Foul Ball, location: 2F
1-2: Foul Ball, location: 2F
1-2: Ball
2-2: Ball
3-2: Base on Balls
Reggie Jackson to third
George Hendrick to second
Batting: LHB Ben Oglivie 0-0: Ball
1-0: Ball
2-0: Called Strike
2-1: Called Strike
2-2: Ball
3-2: Foul Ball, location: 2F
3-2: Strikes out swinging
Bottom of the 1st over - 1 run, 2 hits, 0 errors, 3 left on base; Cleveland 0 - Oakland 1
TOP OF THE 2ND
Cleveland Spiders batting - Pitching for Oakland Athletics : LHP Trevor Faugno
Batting: RHB Randy Elliott 0-0: Called Strike
0-1: Ball
1-1: Called Strike
1-2: Ball
2-2: Ball
3-2: Foul Ball, location: 2F
3-2: Strikes out swinging
Batting: RHB Cressy Pratt 0-0: Ball
1-0: Swinging Strike
1-1: Ball
2-1: Fly out, F9 (Flyball, 9S, EV 94.4 MPH)
Batting: RHB Henry Torres 0-0: Called Strike
0-1: Ground out 5-3 (Groundball, 56, EV 92.5 MPH)
Top of the 2nd over - 0 runs, 0 hits, 0 errors, 0 left on base; Cleveland 0 - Oakland 1
BOTTOM OF THE 2ND
Oakland Athletics batting - Pitching for Cleveland Spiders : RHP Omar Huaman
Batting: RHB Barry Evans 0-0: Called Strike
0-1: Ball
1-1: Ball
2-1: Called Strike
2-2: Strikes out swinging
Batting: SHB Rodney Scott 0-0: Ball
1-0: Ground out 5-3 (Groundball, 56, EV 105.6 MPH)
Batting: RHB Scott Fletcher 0-0: Ball
1-0: Called Strike
1-1: Ball
2-1: Ground out 4-3 (Groundball, 4MD, EV 85.6 MPH)
Bottom of the 2nd over - 0 runs, 0 hits, 0 errors, 0 left on base; Cleveland 0 - Oakland 1
TOP OF THE 3RD
Cleveland Spiders batting - Pitching for Oakland Athletics : LHP Trevor Faugno
Batting: RHB Lance Parrish 0-0: Called Strike
0-1: Ball
1-1: Foul Ball, location: 2F
1-2: Ball
2-2: Ball
3-2: Strikes out looking
Batting: RHB Jesse Barfield 0-0: Fly out, F7 (Flyball, 78S, EV 90.6 MPH)
Batting: RHB Tom Brunansky 0-0: Ball
1-0: Ball
2-0: Reached on error, E4 (Groundball, 4, EV 87.5 MPH)
Batting: RHB Alan Trammell 0-0: Called Strike
0-1: Swinging Strike
0-2: Ball
Tom Brunansky steals 2nd, throwing error, E2
Tom Brunansky to third
1-2: Fly out, F7 (Flyball, 7D, EV 92.5 MPH)
Top of the 3rd over - 0 runs, 0 hits, 2 errors, 1 left on base; Cleveland 0 - Oakland 1
BOTTOM OF THE 3RD
Oakland Athletics batting - Pitching for Cleveland Spiders : RHP Omar Huaman
Batting: LHB Ruppert Jones 0-0: Called Strike
0-1: SINGLE (Flyball, 5D, EV 88.8 MPH)
Batting: RHB Dave Henderson 0-0: Foul Ball, location: 2F
0-1: Ball
1-1: Ball
2-1: Foul Ball, location: 2F
2-2: Ball
3-2: Strikes out swinging
Batting: LHB Reggie Jackson 0-0: Called Strike
0-1: Ball
1-1: Swinging Strike
1-2: SINGLE (Groundball, 4MD, EV 93.8 MPH)
Ruppert Jones to second
Runner from 2nd tries for 3rd, SAFE, no throw by CF
Batting: RHB George Hendrick 0-0: Called Strike
0-1: Ball
1-1: Ball
2-1: Ball
3-1: Base on Balls
Reggie Jackson to second
Batting: RHB Earl C Williams 0-0: Called Strike
0-1: Ball
1-1: Foul Ball, location: 2F
1-2: Strikes out swinging
Batting: LHB Ben Oglivie 0-0: Called Strike
0-1: Swinging Strike
0-2: Ball
1-2: Foul Ball, location: 2F
1-2: Foul Ball, location: 2F
1-2: Ball
2-2: Ball
3-2: Base on Balls
Ruppert Jones scores
Reggie Jackson to third
George Hendrick to second
Batting: RHB Barry Evans 0-0: Foul Ball, location: 2F
0-1: Foul Ball, location: 2F
0-2: Strikes out swinging
Bottom of the 3rd over - 1 run, 2 hits, 0 errors, 3 left on base; Cleveland 0 - Oakland 2
TOP OF THE 4TH
Cleveland Spiders batting - Pitching for Oakland Athletics : LHP Trevor Faugno
Batting: SHB Salvador Perez 0-0: Ball
1-0: Ball
2-0: Called Strike
2-1: Ball
3-1: Foul Ball, location: 2F
3-2: Fly out, F6 (Popup, P, EV 74.4 MPH)
Batting: RHB Clayton Elliott 0-0: Called Strike
0-1: Ground out 4-3 (Groundball, 4, EV 76.9 MPH)
Batting: RHB Randy Elliott 0-0: Ground out 3-1 (Groundball, 34, EV 107.5 MPH)
Top of the 4th over - 0 runs, 0 hits, 0 errors, 0 left on base; Cleveland 0 - Oakland 2
BOTTOM OF THE 4TH
Oakland Athletics batting - Pitching for Cleveland Spiders : RHP Omar Huaman
Batting: SHB Rodney Scott 0-0: Ball
1-0: Swinging Strike
1-1: Foul Ball, location: 2F
1-2: Strikes out looking
Pitching: RHP Richard Stumpp
Batting: RHB Scott Fletcher 0-0: Swinging Strike
0-1: Reached on error, E1 (Groundball, 34S, EV 73.1 MPH)
Batting: LHB Ruppert Jones 0-0: Ball
1-0: Foul Ball, location: 2F
1-1: Ball
2-1: Swinging Strike
2-2: Ball
3-2: Fly out, F6 (Flyball, 5D, EV 81.9 MPH)
Batting: RHB Dave Henderson 0-0: Swinging Strike
0-1: Swinging Strike
0-2: Ground out 6-3 (Groundball, 6, EV 108.1 MPH)
Bottom of the 4th over - 0 runs, 0 hits, 1 error, 1 left on base; Cleveland 0 - Oakland 2
TOP OF THE 5TH
Cleveland Spiders batting - Pitching for Oakland Athletics : LHP Trevor Faugno
Pitching: RHP Gregory Kastner
Batting: RHB Cressy Pratt 0-0: Called Strike
0-1: Swinging Strike
0-2: Strikes out swinging
Batting: RHB Henry Torres 0-0: Ball
1-0: DOUBLE (Flyball, 8LXD, EV 98.8 MPH)
Batting: RHB Lance Parrish 0-0: Ball
1-0: Called Strike
1-1: Fly out, F6 (Popup, 6D, EV 56.3 MPH)
Batting: RHB Jesse Barfield 0-0: Foul Ball, location: 2F
0-1: Called Strike
0-2: Ball
1-2: Ground out 6-3 (Groundball, 6, EV 104.4 MPH)
Top of the 5th over - 0 runs, 1 hit, 0 errors, 1 left on base; Cleveland 0 - Oakland 2
BOTTOM OF THE 5TH
Oakland Athletics batting - Pitching for Cleveland Spiders : RHP Richard Stumpp
Batting: LHB Reggie Jackson 0-0: Called Strike
0-1: Swinging Strike
0-2: Fly out, F9 (Flyball, 9D, EV 110.6 MPH)
Batting: RHB George Hendrick 0-0: SINGLE (Line Drive, 78S, EV 105.0 MPH)
Batting: RHB Earl C Williams 0-0: Ball
1-0: Ball
2-0: Called Strike
2-1: Fly out, F8 (Flyball, 8RS, EV 88.8 MPH)
Batting: LHB Ben Oglivie 0-0: Ball
1-0: Foul Ball, location: 2F
1-1: 2-RUN HOME RUN (Flyball, 9D, EV 98.1 MPH), Distance : 401 ft
Batting: RHB Barry Evans 0-0: Ball
1-0: Ball
2-0: Reached on error, E4 (Groundball, 34, EV 80.0 MPH)
Batting: SHB Rodney Scott 0-0: Ball
1-0: Foul Ball, location: 2F
1-1: SINGLE (Line Drive, 78S, EV 105.6 MPH)
Barry Evans to third
Runner from 3rd tries for Home, throw by LF and OUT! 7-2
Bottom of the 5th over - 2 runs, 3 hits, 1 error, 1 left on base; Cleveland 0 - Oakland 4
TOP OF THE 6TH
Cleveland Spiders batting - Pitching for Oakland Athletics : RHP Gregory Kastner
Batting: RHB Tom Brunansky 0-0: Called Strike
0-1: Foul Ball, location: 2F
0-2: Foul Ball, location: 2F
0-2: Strikes out swinging
Batting: RHB Alan Trammell 0-0: Ball
1-0: Ball
2-0: Foul Ball, location: 2F
2-1: TRIPLE (Flyball, 89XD, EV 91.3 MPH)
Batting: SHB Salvador Perez 0-0: Called Strike
0-1: Ball
Passed Ball!
Alan Trammell scores
1-1: Ball
2-1: Ball
3-1: Foul Ball, location: 2F
3-2: Base on Balls
Batting: RHB Clayton Elliott 0-0: Ball
1-0: Ball
2-0: Ball
3-0: Base on Balls
Salvador Perez to second
Batting: RHB Randy Elliott 0-0: Ball
1-0: Called Strike
1-1: Foul Ball, location: 2F
1-2: Foul Ball, location: 2F
1-2: 3-RUN HOME RUN (Flyball, 7LD, EV 109.4 MPH), Distance : 369 ft
Pitching: LHP Bob Knepper
Batting: RHB Cressy Pratt 0-0: Called Strike
0-1: SINGLE (Line Drive, 6MD, EV 95.6 MPH)
Batting: RHB Henry Torres 0-0: Called Strike
0-1: Called Strike
0-2: Ball
1-2: Hit by Pitch
Cressy Pratt to second
Batting: RHB Lance Parrish 0-0: Called Strike
0-1: Swinging Strike
0-2: Ball
1-2: Strikes out looking
Batting: RHB Jesse Barfield 0-0: Fly out, F9 (Flyball, 9, EV 91.3 MPH)
Top of the 6th over - 4 runs, 3 hits, 0 errors, 2 left on base; Cleveland 4 - Oakland 4
BOTTOM OF THE 6TH
Oakland Athletics batting - Pitching for Cleveland Spiders : RHP Richard Stumpp
Pinch Hitting: RHB Fred Andrews 0-0: Ball
1-0: Ball
2-0: Swinging Strike
2-1: Called Strike
2-2: Strikes out swinging, 2-3 out at first.
Pinch Hitting: RHB Willie Darkis 0-0: Ball
1-0: Fly out, F9 (Flyball, 9LS, EV 95.0 MPH)
Pinch Hitting: RHB John Scott 0-0: SOLO HOME RUN (Flyball, 78XD, EV 106.9 MPH), Distance : 454 ft
Pitching: RHP Steve McCatty
Batting: LHB Ronald Little 0-0: Ball
1-0: Ball
2-0: Ball
3-0: Called Strike
3-1: Base on Balls
Pinch Hitting: RHB Edgar Flores 0-0: Called Strike
0-1: Ball
1-1: Ball
2-1: Ball
3-1: Fly out, F3 (Popup, 34S, EV 80.6 MPH)
Bottom of the 6th over - 1 run, 1 hit, 0 errors, 1 left on base; Cleveland 4 - Oakland 5
TOP OF THE 7TH
Cleveland Spiders batting - Pitching for Oakland Athletics : LHP Bob Knepper
Now at 1B: Dave F Schmidt
Now at 2B: Fred Andrews
Now in LF: Edgar Flores
Now in CF: Willie Darkis
Pinch Hitting: LHB Glenn Gulliver 0-0: Called Strike
0-1: Fly out, F6 (Popup, 15, EV 78.1 MPH)
Pinch Hitting: RHB Victor Mabee 0-0: Ground out U3 (Groundball, 34S, EV 83.8 MPH)
Batting: LHB Michael Barnes 0-0: Ball
1-0: Foul Ball, location: 2F
1-1: Ball
2-1: Foul Ball, location: 2F
2-2: Ball
3-2: Base on Balls
Pinch Hitting: RHB Kevin Bell 0-0: Ball
1-0: Ball
2-0: Ball
3-0: Called Strike
3-1: Base on Balls
Michael Barnes to second
Pinch Hitting: LHB Terry Puhl 0-0: Ball
1-0: Ball
2-0: Called Strike
2-1: Swinging Strike
2-2: Fielders Choice at 2nd, 6-4 (Groundball, 56, EV 104.4 MPH)
Top of the 7th over - 0 runs, 0 hits, 0 errors, 2 left on base; Cleveland 4 - Oakland 5
BOTTOM OF THE 7TH
Oakland Athletics batting - Pitching for Cleveland Spiders : RHP Steve McCatty
Now at 3B: Kevin Bell
Now at SS: Victor Mabee
Now in LF: Jordan Ventura
Now in RF: Terry Puhl
Batting: RHB Earl C Williams 0-0: Ball
1-0: Swinging Strike
1-1: Ball
2-1: Ball
3-1: Base on Balls
Pinch Hitting: LHB Roy Hartford 0-0: Sac Bunt to P - play at first, batter OUT! 1-4
Earl C Williams to second
Pinch Hitting: LHB Wayne Krenchicki 0-0: Ball
1-0: Called Strike
1-1: Ground out 4-3 (Groundball, 4, EV 92.5 MPH)
Earl C Williams to third
Pinch Hitting: LHB Gary Jones 0-0: Ball
1-0: Ground out 4-3 (Groundball, 34, EV 107.5 MPH)
Bottom of the 7th over - 0 runs, 0 hits, 0 errors, 1 left on base; Cleveland 4 - Oakland 5
TOP OF THE 8TH
Cleveland Spiders batting - Pitching for Oakland Athletics : LHP Bob Knepper
Now at 3B: Ronald Evans
Now at SS: Wayne Krenchicki
Now in RF: Roy Hartford
Pinch Hitting: LHB Angel Matos 0-0: Ball
1-0: Fly out, F8 (Flyball, 78D, EV 99.4 MPH)
Pinch Hitting: LHB Jesus Ramos 0-0: Ball
1-0: Ball
2-0: Ball
3-0: Base on Balls
Batting: RHB Lance Parrish 0-0: Ball
1-0: Ball
2-0: Ball
3-0: Called Strike
3-1: Grounds into double play, 6-4-3 (Groundball, 6, EV 101.9 MPH)
Top of the 8th over - 0 runs, 0 hits, 0 errors, 0 left on base; Cleveland 4 - Oakland 5
BOTTOM OF THE 8TH
Oakland Athletics batting - Pitching for Cleveland Spiders : RHP Steve McCatty
Now at 1B: Angel Matos
Now at 2B: Jesus Ramos
Batting: RHB Fred Andrews 0-0: Ball
1-0: Swinging Strike
1-1: Called Strike
1-2: Ball
2-2: Ball
3-2: Strikes out swinging
Batting: RHB Willie Darkis 0-0: Called Strike
0-1: Ball
1-1: Foul Ball, location: 2F
1-2: SINGLE (Line Drive, 6MD, EV 96.3 MPH)
Batting: RHB Dave F Schmidt 0-0: Swinging Strike
0-1: Ball
1-1: Swinging Strike
1-2: Ball
2-2: Strikes out looking
Batting: LHB Ronald Little 0-0: Foul Ball, location: 2F
0-1: Ground out 4-3 (Groundball, 4D, EV 81.3 MPH)
Bottom of the 8th over - 0 runs, 1 hit, 0 errors, 1 left on base; Cleveland 4 - Oakland 5
TOP OF THE 9TH
Cleveland Spiders batting - Pitching for Oakland Athletics : LHP Bob Knepper
Batting: RHB Jesse Barfield 0-0: Called Strike
0-1: Ball
1-1: Called Strike
1-2: Ball
2-2: Ball
3-2: Foul Ball, location: 2F
3-2: Strikes out swinging
Batting: RHB Jordan Ventura 0-0: Called Strike
0-1: Ball
1-1: Ball
2-1: Ground out 4-3 (Groundball, 34, EV 78.8 MPH)
Pinch Hitting: SHB Bump Wills 0-0: Ball
1-0: Ground out 6-3 (Groundball, 6, EV 78.1 MPH)
Top of the 9th over - 0 runs, 0 hits, 0 errors, 0 left on base; Cleveland 4 - Oakland 5
Monday, July 13th, 2020 - OOTP Baseball 21.4 Build 63